Vancouver Canucks vs St-Louis Blues

Created - samedi 6 avril 2019 at 19:00

Goals
1 2 3 T
Vancouver Canucks 2 0 0 2
St-Louis Blues 3 3 0 6
Shots
1 2 3 T
Vancouver Canucks 13 8 1 22
St-Louis Blues 13 15 8 36

1st period

1. Vancouver Canucks , Bo Horvat 37 (Jason Garrison 3) at 6:04
2. St-Louis Blues , Jaden Schwartz 36 (Paul Stastny 36) at 10:21
3. St-Louis Blues , Scottie Upshall 15 (Alex Pietrangelo 35, Ryan Strome 18) at 11:46
4. St-Louis Blues , Chris Stewart 9 (Ivan Barbashev 6) at 13:35
5. Vancouver Canucks , Matt Calvert 12 (Bo Horvat 49, Andrew Ladd 17) at 14:45

Penalties :
No Penalty

2nd period

6. St-Louis Blues , Scottie Upshall 16 (Vince Dunn 13, Ryan Strome 19) at 2:56
7. St-Louis Blues , Kyle Brodziak 14 (Jamie Oleksiak 13) at 8:57
8. St-Louis Blues , Ivan Barbashev 2 (J.T. Compher 29, Chris Stewart 7) at 9:28

Penalties :
Paul LaDue (STL) for Hooking (Minor) at 3:12, Robert Bortuzzo (STL) for Holding Stick (Minor) at 9:50, Matt Calvert (VAN) for Hooking (Minor) at 14:31

3rd period

No Goal

Penalties :
Robert Bortuzzo (STL) for Boarding (Minor) at 0:41, Jake Virtanen (VAN) for Hooking (Minor) at 19:40

Goalie Stats

Jacob Markstrom (VAN), 15 saves from 19 shots - (0.789), L, 26-33-13, 22:56 minutes
Thatcher Demko (VAN), 15 saves from 17 shots - (0.882), 37:04 minutes
Alex Stalock (STL), 20 saves from 22 shots - (0.909), W, 16-7-2, 60:00 minutes

Players Stats for Vancouver Canucks

Player Name              G  A  P  +/- PIM S  H  SB GA TA FO     MP     PP MP  PK MP  
------------------------------------------------------------------------------------
Adam Cracknell           0  0  0  -3  0   0  3  0  0  0  3/7    10:48   0:00   0:00 
Alexei Emelin            0  0  0  -2  0   1  2  1  0  0  0/0    20:45   3:30   1:08 
Andrew Ladd              0  1  1  -2  0   0  1  0  0  0  0/1    15:20   0:00   0:05 
Artem Anisimov           0  0  0   0  0   2  2  2  0  1  3/13   18:36   2:35   1:09 
Ben Hutton               0  0  0  -1  0   0  1  0  0  1  0/0    17:46   0:00   1:08 
Bo Horvat                1  1  2  -1  0   5  2  0  2  1  12/28  24:09   3:22   1:09 
Brendan Gaunce           0  0  0  -1  0   0  2  0  0  0  0/0    13:11   0:00   0:00 
Connor Murphy            0  0  0  -2  0   1  0  4  1  1  0/0    20:08   3:30   1:10 
Jake Virtanen            0  0  0   0  2   0  5  2  1  0  0/1    15:49   0:00   0:00 
Jason Garrison           0  1  1  -1  0   0  1  0  0  0  0/0    14:49   0:00   0:00 
Logan Shaw               0  0  0  -1  0   2  2  0  0  1  3/6    16:35   2:35   1:04 
Markus Granlund          0  0  0  -1  0   0  1  0  0  0  0/0    16:52   2:35   1:04 
Matt Bartkowski          0  0  0  -1  0   0  1  0  0  0  0/0    14:49   0:00   0:00 
Matt Calvert             1  0  1  -1  2   7  3  0  0  2  0/1    17:29   3:22   0:00 
Richard Panik            0  0  0   0  0   3  0  0  1  2  0/0    15:35   0:00   0:00 
Ryan Callahan            0  0  0  -2  0   0  1  0  1  0  0/1    13:16   3:22   0:05 
Troy Stecher             0  0  0  -1  0   1  1  1  0  0  0/0    24:19   2:27   1:10 
Victor Mete              0  0  0   0  0   0  0  0  0  0  0/0     7:24   2:27   0:00 

Players Stats for St-Louis Blues

Player Name              G  A  P  +/- PIM S  H  SB GA TA FO     MP     PP MP  PK MP  
------------------------------------------------------------------------------------
Alex Pietrangelo         0  1  1   1  0   4  0  0  0  1  0/0    17:48   1:11   0:00 
Carl Gunnarsson          0  0  0   1  0   0  5  0  0  0  0/0    20:52   1:07   3:22 
Chris Stewart            1  1  2   2  0   1  4  0  0  0  1/1    15:06   0:00   1:35 
Dmitrij Jaskin           0  0  0   1  0   0  3  0  1  1  0/0    12:28   0:00   0:09 
Ivan Barbashev           1  1  2   2  0   2  0  0  0  0  5/12   14:46   1:02   0:00 
J.T. Compher             0  1  1   2  0   0  0  0  0  0  2/2    14:38   1:14   0:00 
Jaden Schwartz           1  0  1   0  0   11 2  1  3  0  0/0    18:50   1:14   1:55 
Jamie Oleksiak           0  1  1   0  0   2  5  0  0  0  0/0    17:42   0:00   2:49 
Kyle Brodziak            1  0  1   1  0   4  1  0  0  0  3/9    13:23   0:00   2:52 
Nikita Soshnikov         0  0  0   1  0   0  2  0  0  0  0/0    10:28   0:00   0:00 
Paul LaDue               0  0  0   3  2   0  4  1  0  2  0/0    22:27   0:00   1:46 
Paul Stastny             0  1  1   0  0   3  1  0  1  1  17/22  17:52   1:14   1:10 
Robert Bortuzzo          0  0  0   1  4   0  3  3  0  1  0/0    22:00   1:07   0:49 
Ryan Strome              0  2  2   1  0   4  0  0  1  0  9/12   12:56   1:02   0:00 
Sammy Blais              0  0  0   1  0   0  4  0  0  0  0/0    10:36   0:02   0:00 
Scottie Upshall          2  0  2   1  0   3  2  0  2  0  0/0    14:57   0:02   2:52 
Vince Dunn               0  1  1   2  0   1  0  1  0  0  0/0    18:59   1:11   3:08 
Vladimir Sobotka         0  0  0   0  0   1  4  0  1  0  0/0    18:12   1:04   1:21 

3 Stars

1 - Chris Stewart (STL)
2 - Scottie Upshall (STL)
3 - Ivan Barbashev (STL)

Power Play

Vancouver Canucks - 0 on 3 Attempt(s) - 0.00%
St-Louis Blues - 0 on 2 Attempt(s) - 0.00%

Penalty Kill

Vancouver Canucks - 2 on 2 Attempt(s) - 100.00% - Score 0 goal in Penalty Kill
St-Louis Blues - 3 on 3 Attempt(s) - 100.00% - Score 0 goal in Penalty Kill

Team Stat

Vancouver Canucks - Hits : 28 - Faceoff Wins : 21 - Blocked Shots : 10 - Penalty Minutes : 4
St-Louis Blues - Hits : 40 - Faceoff Wins : 37 - Blocked Shots : 6 - Penalty Minutes : 6

Official

Referees : Jon McIsaac and Ghislain Hebert
Linesman : Ryan Galloway and Shandor Alphonso

Game Notes

Thatcher Demko enters game at 2:56 of 2nd period

Finance

Level 1 -- Attendance: 8453 (84.53%) -- Ticket Income fr. 676'240
Level 2 -- Attendance: 1522 (76.10%) -- Ticket Income fr. 98'930
Level 3 -- Attendance: 2444 (69.83%) -- Ticket Income fr. 85'540
Level 4 -- Attendance: 1307 (90.14%) -- Ticket Income fr. 26'140
Luxury Box -- Attendance: 44 (88.00%) -- Ticket Income fr. 8'800
Game was played at the Scottrade Center.
Total Attendance: 13770 (81.00%)
Total Ticket Income: fr. 895'650
Total Income: fr. 895'650

Vancouver Canucks

5 vs 5 Forward 
   Center                   Left Wing                Right Wing               Time % Phy DF OF 
 1 Bo Horvat                Matt Calvert             Andrew Ladd              32     1   0  4  
 2 Artem Anisimov           Richard Panik            Jake Virtanen            26     1   2  2  
 3 Logan Shaw               Markus Granlund          Brendan Gaunce           25     1   1  3  
 4 Adam Cracknell           Bo Horvat                Ryan Callahan            17     1   1  3  

5 vs 5 Defense 
   Defense                  Defense                                           Time % Phy DF OF 
 1 Ben Hutton               Troy Stecher                                      35     1   2  2  
 2 Connor Murphy            Alexei Emelin                                     35     1   2  2  
 3 Matt Bartkowski          Jason Garrison                                    28     1   3  1  
 4 Victor Mete              Troy Stecher                                      2      1   3  1  

PowerPlay Forward 
   Center                   Left Wing                Right Wing               Time % Phy DF OF 
 1 Bo Horvat                Matt Calvert             Ryan Callahan            60     1   0  4  
 2 Artem Anisimov           Logan Shaw               Markus Granlund          40     1   1  3  

PowerPlay Defense
   Defense                  Defense                                           Time % Phy DF OF 
 1 Alexei Emelin            Connor Murphy                                     60     1   1  3  
 2 Victor Mete              Troy Stecher                                      40     1   1  3  

Penalty Kill 4 Players Forward 
   Center                   Wing                     Time % Phy DF OF 
 1 Logan Shaw               Markus Granlund          50     1   4  0  
 2 Artem Anisimov           Bo Horvat                50     1   4  0  

Penalty Kill 4 Players Defense
   Defense                  Defense                  Time % Phy DF OF 
 1 Connor Murphy            Troy Stecher             50     1   4  0  
 2 Ben Hutton               Alexei Emelin            50     1   4  0  

Penalty Kill - 3 Players Forward 
   Forward                                           Time % Phy DF OF 
 1 Markus Granlund                                   50     1   4  0  
 2 Logan Shaw                                        50     1   4  0  

Penalty Kill - 3 Players Defense
   Defense                  Defense                  Time % Phy DF OF 
 1 Connor Murphy            Troy Stecher             50     1   4  0  
 2 Alexei Emelin            Matt Bartkowski          50     1   4  0  

4 vs 4 Forward 
   Center                   Wing                     Time % Phy DF OF 
 1 Bo Horvat                Markus Granlund          55     0   1  4  
 2 Artem Anisimov           Matt Calvert             45     0   1  4  

4 vs 4 Defense
   Defense                  Defense                  Time % Phy DF OF 
 1 Ben Hutton               Troy Stecher             50     1   1  3  
 2 Connor Murphy            Victor Mete              50     1   1  3  

Last Minutes Offensive
   Center                   Left Wing                Right Wing               Defense                  Defense                  
   Bo Horvat                Matt Calvert             Andrew Ladd              Artem Anisimov           Jason Garrison           

Last Minutes Defensive
   Center                   Left Wing                Right Wing               Defense                  Defense                  
   Logan Shaw               Markus Granlund          Andrew Ladd              Troy Stecher             Ben Hutton               

Goaltenders
Starting : Jacob Markstrom          
Backup : Thatcher Demko           

Extra Forwards
Normal : Ryan Callahan, Logan Shaw, Artem Anisimov - PP : Jake Virtanen, Ryan Callahan - PK : Ryan Callahan
Extra Defensemen
Normal : Alexei Emelin, Troy Stecher, Matt Bartkowski - PP : Ben Hutton - PK : Connor Murphy, Matt Bartkowski
Penalty Shots
Bo Horvat, Artem Anisimov, Markus Granlund, Matt Calvert, Ryan Callahan
Custom OT Lines Forwards
Bo Horvat, Andrew Ladd, Artem Anisimov, Richard Panik, Markus Granlund, Matt Calvert, Logan Shaw, Jake Virtanen, Brendan Gaunce, Ryan Callahan
Custom OT Lines Defensemen
Matt Bartkowski, Troy Stecher, Ben Hutton, Connor Murphy, Alexei Emelin

Scratches
Alex Biega (Bruised Right Foot Injury), Cal Clutterbuck (Bruised Left Leg Injury), Adam Gaudette (Healthy)

St-Louis Blues

5 vs 5 Forward 
   Center                   Left Wing                Right Wing               Time % Phy DF OF 
 1 Paul Stastny             Jaden Schwartz           Vladimir Sobotka         28     0   0  5  
 2 Ivan Barbashev           Chris Stewart            J.T. Compher             28     0   1  4  
 3 Ryan Strome              Scottie Upshall          Dmitrij Jaskin           24     1   3  1  
 4 Kyle Brodziak            Sammy Blais              Nikita Soshnikov         20     1   2  2  

5 vs 5 Defense 
   Defense                  Defense                                           Time % Phy DF OF 
 1 Alex Pietrangelo         Carl Gunnarsson                                   30     1   1  3  
 2 Robert Bortuzzo          Jamie Oleksiak                                    30     1   1  3  
 3 Paul LaDue               Vince Dunn                                        20     1   3  1  
 4 Robert Bortuzzo          Paul LaDue                                        20     0   3  2  

PowerPlay Forward 
   Center                   Left Wing                Right Wing               Time % Phy DF OF 
 1 Paul Stastny             Jaden Schwartz           J.T. Compher             60     0   0  5  
 2 Ryan Strome              Vladimir Sobotka         Ivan Barbashev           40     1   0  4  

PowerPlay Defense
   Defense                  Defense                                           Time % Phy DF OF 
 1 Vince Dunn               Alex Pietrangelo                                  50     1   0  4  
 2 Carl Gunnarsson          Robert Bortuzzo                                   50     1   1  3  

Penalty Kill 4 Players Forward 
   Center                   Wing                     Time % Phy DF OF 
 1 Kyle Brodziak            Scottie Upshall          60     1   4  0  
 2 Vladimir Sobotka         Jaden Schwartz           40     2   3  0  

Penalty Kill 4 Players Defense
   Defense                  Defense                  Time % Phy DF OF 
 1 Paul LaDue               Jamie Oleksiak           50     2   3  0  
 2 Carl Gunnarsson          Vince Dunn               50     1   4  0  

Penalty Kill - 3 Players Forward 
   Forward                                           Time % Phy DF OF 
 1 Scottie Upshall                                   50     0   5  0  
 2 Dmitrij Jaskin                                    50     1   4  0  

Penalty Kill - 3 Players Defense
   Defense                  Defense                  Time % Phy DF OF 
 1 Paul LaDue               Alex Pietrangelo         50     2   3  0  
 2 Robert Bortuzzo          Jamie Oleksiak           50     1   4  0  

4 vs 4 Forward 
   Center                   Wing                     Time % Phy DF OF 
 1 Paul Stastny             Sammy Blais              60     1   2  2  
 2 Kyle Brodziak            Chris Stewart            40     0   2  3  

4 vs 4 Defense
   Defense                  Defense                  Time % Phy DF OF 
 1 Robert Bortuzzo          Paul LaDue               60     1   2  2  
 2 Carl Gunnarsson          Vince Dunn               40     1   2  2  

Last Minutes Offensive
   Center                   Left Wing                Right Wing               Defense                  Defense                  
   Paul Stastny             Jaden Schwartz           J.T. Compher             Robert Bortuzzo          Alex Pietrangelo         

Last Minutes Defensive
   Center                   Left Wing                Right Wing               Defense                  Defense                  
   Kyle Brodziak            Scottie Upshall          Chris Stewart            Carl Gunnarsson          Paul LaDue               

Goaltenders
Starting : Alex Stalock             
Backup : Thomas Greiss            

Extra Forwards
Normal : Ivan Barbashev, Dmitrij Jaskin, Nikita Soshnikov - PP : Sammy Blais, Scottie Upshall - PK : Jaden Schwartz
Extra Defensemen
Normal : Vince Dunn, Paul LaDue, Alex Pietrangelo - PP : Vince Dunn - PK : Carl Gunnarsson, Robert Bortuzzo
Penalty Shots
Paul Stastny, Jaden Schwartz, Chris Stewart, Vladimir Sobotka, J.T. Compher
Custom OT Lines Forwards
Jaden Schwartz, J.T. Compher, Paul Stastny, Vladimir Sobotka, Ryan Strome, Dmitrij Jaskin, Ivan Barbashev, Sammy Blais, Scottie Upshall, Paul LaDue
Custom OT Lines Defensemen
Paul LaDue, Alex Pietrangelo, Vince Dunn, Carl Gunnarsson, Jamie Oleksiak

Scratches
Jacob Josefson (Healthy), Patrik Berglund (Healthy), Steven Santini (Healthy), Tage Thompson (Lacerated Left Calf Injury)

% Time on Ice - Vancouver Canucks

Lines # - Real PCT - Wanted PCT - Time Play
Normal Forward
1 - 28% - 32% - 14:20
2 - 30% - 26% - 15:35
3 - 25% - 25% - 12:59
4 - 17% - 17% - 8:51
Normal Defense
1 - 31% - 35% - 15:49
2 - 33% - 35% - 17:08
3 - 29% - 28% - 14:49
4 - 8% - 2% - 3:59
PP Forward
1 - 57% - 60% - 3:22
2 - 43% - 40% - 2:35
PP Defense
1 - 59% - 60% - 3:30
2 - 41% - 40% - 2:27
PK Forward
1 - 50% - 50% - 1:09
2 - 50% - 50% - 1:09
PK Defense
1 - 51% - 50% - 1:10
2 - 49% - 50% - 1:08
PK3 Forward
1 - 0% - 50%
2 - 0% - 50%
PK3 Defense
1 - 0% - 50%
2 - 0% - 50%
44 Forward
1 - 0% - 55%
2 - 0% - 45%
44 Defense
1 - 0% - 50%
2 - 0% - 50%
Last Minute Offensive  - 0:00
Last Minute Defensive  - 0:00
Total
Forward - 60:00
Defense - 60:00

% Time on Ice - St-Louis Blues

Lines # - Real PCT - Wanted PCT - Time Play
Normal Forward
1 - 30% - 28% - 15:28
2 - 27% - 28% - 13:52
3 - 23% - 24% - 11:57
4 - 20% - 20% - 10:28
Normal Defense
1 - 30% - 30% - 15:31
2 - 32% - 30% - 16:31
3 - 23% - 20% - 11:59
4 - 15% - 20% - 7:44
PP Forward
1 - 54% - 60% - 1:14
2 - 46% - 40% - 1:04
PP Defense
1 - 51% - 50% - 1:11
2 - 49% - 50% - 1:07
PK Forward
1 - 77% - 60% - 4:36
2 - 23% - 40% - 1:21
PK Defense
1 - 47% - 50% - 2:49
2 - 53% - 50% - 3:08
PK3 Forward
1 - 0% - 50%
2 - 0% - 50%
PK3 Defense
1 - 0% - 50%
2 - 0% - 50%
44 Forward
1 - 0% - 60%
2 - 0% - 40%
44 Defense
1 - 0% - 60%
2 - 0% - 40%
Last Minute Offensive  - 0:00
Last Minute Defensive  - 0:00
Total
Forward - 60:00
Defense - 60:00

Play-by-Play

1st period


0:01 of 1st period - Paul Stastny wins face-off versus Matt Calvert in neutral zone.
0:46 of 1st period - Connor Murphy is hit by Jamie Oleksiak and loses puck.
1:30 of 1st period - Connor Murphy is hit by Vladimir Sobotka and loses puck.
1:47 of 1st period - Jason Garrison is hit by Scottie Upshall and loses puck.
2:30 of 1st period - Troy Stecher is hit by Nikita Soshnikov and loses puck.
3:22 of 1st period - Snap shot by Markus Granlund.
3:22 of 1st period - Shot Blocked by Robert Bortuzzo.
3:24 of 1st period - Wrist shot by Troy Stecher.
3:24 of 1st period - Shot Blocked by Robert Bortuzzo.
3:49 of 1st period - Icing by J.T. Compher.
3:50 of 1st period - Ivan Barbashev wins face-off versus Artem Anisimov in St-Louis Blues zone.
4:03 of 1st period - Slapshot by Kyle Brodziak.
4:03 of 1st period - Stopped by Jacob Markstrom with a rebound.
4:05 of 1st period - Slapshot by Jamie Oleksiak.
4:05 of 1st period - Stopped by Jacob Markstrom with a rebound.
4:15 of 1st period - Vladimir Sobotka is hit by Brendan Gaunce and loses puck.
4:58 of 1st period - Snap shot by Kyle Brodziak.
4:58 of 1st period - Stopped by Jacob Markstrom without a rebound.
4:59 of 1st period - Artem Anisimov wins face-off versus Kyle Brodziak in Vancouver Canucks zone.
5:24 of 1st period - Logan Shaw is hit by Paul LaDue and loses puck.
5:33 of 1st period - Wrist shot by Jaden Schwartz.
5:33 of 1st period - Stopped by Jacob Markstrom without a rebound.
5:34 of 1st period - Bo Horvat wins face-off versus Ivan Barbashev in Vancouver Canucks zone.
5:34 of 1st period - Bo Horvat is hit by Jamie Oleksiak.
6:04 of 1st period - Slapshot by Bo Horvat.
6:04 of 1st period - Goal by Bo Horvat - Vancouver Canucks : 1 - St-Louis Blues : 0.
6:05 of 1st period - Ryan Strome wins face-off versus Adam Cracknell in neutral zone.
6:10 of 1st period - Slapshot by Scottie Upshall.
6:10 of 1st period - Shot Misses the Net.
6:12 of 1st period - Slapshot by Robert Bortuzzo.
6:12 of 1st period - Deflect By Ryan Strome.
6:12 of 1st period - Shot Misses the Net.
6:12 of 1st period - Puck is out of play.
6:13 of 1st period - Adam Cracknell wins face-off versus Ryan Strome in Vancouver Canucks zone.
6:18 of 1st period - Dmitrij Jaskin is hit by Ryan Callahan and loses puck.
6:25 of 1st period - Wrist shot by Ryan Strome.
6:25 of 1st period - Shot Misses the Net.
6:41 of 1st period - Slapshot by Logan Shaw.
6:41 of 1st period - Stopped by Alex Stalock with a rebound.
6:43 of 1st period - Slapshot by Alexei Emelin.
6:43 of 1st period - Stopped by Alex Stalock with a rebound.
7:17 of 1st period - Nikita Soshnikov is hit by Adam Cracknell and loses puck.
8:06 of 1st period - Jamie Oleksiak is hit by Jake Virtanen and loses puck.
8:32 of 1st period - Icing by Artem Anisimov.
8:33 of 1st period - Paul Stastny wins face-off versus Jake Virtanen in Vancouver Canucks zone.
9:40 of 1st period - Snap shot by Ryan Callahan.
9:40 of 1st period - Shot Misses the Net.
10:13 of 1st period - Icing by Adam Cracknell.
10:14 of 1st period - Ryan Strome wins face-off versus Ryan Callahan in Vancouver Canucks zone.
10:15 of 1st period - Slapshot by Alex Pietrangelo.
10:15 of 1st period - Deflect By Adam Cracknell.
10:15 of 1st period - Stopped by Jacob Markstrom with a rebound.
10:17 of 1st period - Wrist shot by Alex Pietrangelo.
10:17 of 1st period - Stopped by Jacob Markstrom without a rebound.
10:18 of 1st period - Paul Stastny wins face-off versus Adam Cracknell in Vancouver Canucks zone.
10:21 of 1st period - Wrist shot by Paul Stastny.
10:21 of 1st period - Deflect By Jaden Schwartz.
10:21 of 1st period - Goal by Jaden Schwartz - Vancouver Canucks : 1 - St-Louis Blues : 1.
10:22 of 1st period - Paul Stastny wins face-off versus Bo Horvat in neutral zone.
10:35 of 1st period - Wrist shot by Bo Horvat.
10:35 of 1st period - Stopped by Alex Stalock without a rebound.
10:36 of 1st period - Bo Horvat wins face-off versus Ivan Barbashev in St-Louis Blues zone.
10:39 of 1st period - Snap shot by Matt Calvert.
10:39 of 1st period - Stopped by Alex Stalock without a rebound.
10:40 of 1st period - Bo Horvat wins face-off versus Ivan Barbashev in St-Louis Blues zone.
10:51 of 1st period - Snap shot by Matt Calvert.
10:51 of 1st period - Stopped by Alex Stalock without a rebound.
10:52 of 1st period - Paul Stastny wins face-off versus Andrew Ladd in St-Louis Blues zone.
10:52 of 1st period - Paul Stastny is hit by Matt Calvert.
11:18 of 1st period - Paul LaDue is hit by Markus Granlund and loses puck.
11:36 of 1st period - Off-side.
11:37 of 1st period - Ivan Barbashev wins face-off versus Artem Anisimov in neutral zone.
11:42 of 1st period - Slapshot by Alex Pietrangelo.
11:42 of 1st period - Stopped by Jacob Markstrom without a rebound.
11:43 of 1st period - Ryan Strome wins face-off versus Bo Horvat in Vancouver Canucks zone.
11:46 of 1st period - Slapshot by Scottie Upshall.
11:46 of 1st period - Goal by Scottie Upshall - Vancouver Canucks : 1 - St-Louis Blues : 2.
11:47 of 1st period - Ryan Strome wins face-off versus Bo Horvat in neutral zone.
11:54 of 1st period - Snap shot by Ryan Strome.
11:54 of 1st period - Stopped by Jacob Markstrom without a rebound.
11:55 of 1st period - Ryan Strome wins face-off versus Bo Horvat in Vancouver Canucks zone.
12:19 of 1st period - Off-side.
12:20 of 1st period - Logan Shaw wins face-off versus Ivan Barbashev in neutral zone.
12:33 of 1st period - Slapshot by J.T. Compher.
12:33 of 1st period - Shot Misses the Net.
12:50 of 1st period - Snap shot by Bo Horvat.
12:50 of 1st period - Stopped by Alex Stalock without a rebound.
12:51 of 1st period - Bo Horvat wins face-off versus Paul Stastny in St-Louis Blues zone.
12:54 of 1st period - Wrist shot by Matt Calvert.
12:54 of 1st period - Stopped by Alex Stalock without a rebound.
12:55 of 1st period - Paul Stastny wins face-off versus Bo Horvat in St-Louis Blues zone.
13:27 of 1st period - Wrist shot by Richard Panik.
13:27 of 1st period - Stopped by Alex Stalock without a rebound.
13:28 of 1st period - Ivan Barbashev wins face-off versus Logan Shaw in St-Louis Blues zone.
13:35 of 1st period - Snap shot by Chris Stewart.
13:35 of 1st period - Goal by Chris Stewart - Vancouver Canucks : 1 - St-Louis Blues : 3.
13:36 of 1st period - Bo Horvat wins face-off versus Ryan Strome in neutral zone.
13:41 of 1st period - Snap shot by Bo Horvat.
13:41 of 1st period - Stopped by Alex Stalock with a rebound.
13:43 of 1st period - Snap shot by Matt Calvert.
13:43 of 1st period - Shot Misses the Net.
13:45 of 1st period - Slapshot by Matt Calvert.
13:45 of 1st period - Stopped by Alex Stalock without a rebound.
13:46 of 1st period - Ryan Strome wins face-off versus Bo Horvat in St-Louis Blues zone.
13:53 of 1st period - Wrist shot by Ryan Strome.
13:53 of 1st period - Shot Misses the Net.
13:59 of 1st period - Robert Bortuzzo is hit by Andrew Ladd and loses puck.
14:24 of 1st period - Jamie Oleksiak is hit by Alexei Emelin and loses puck.
14:41 of 1st period - Slapshot by Bo Horvat.
14:41 of 1st period - Shot Misses the Net.
14:43 of 1st period - Snap shot by Bo Horvat.
14:43 of 1st period - Shot Misses the Net.
14:45 of 1st period - Snap shot by Matt Calvert.
14:45 of 1st period - Deflect By Scottie Upshall.
14:45 of 1st period - Goal by Matt Calvert - Vancouver Canucks : 2 - St-Louis Blues : 3.
14:46 of 1st period - Ivan Barbashev wins face-off versus Artem Anisimov in neutral zone.
15:10 of 1st period - Chris Stewart is hit by Ben Hutton and loses puck.
15:52 of 1st period - Off-side.
15:53 of 1st period - Artem Anisimov wins face-off versus Paul Stastny in neutral zone.
15:56 of 1st period - Wrist shot by Jaden Schwartz.
15:56 of 1st period - Shot Blocked by Jake Virtanen.
15:58 of 1st period - Wrist shot by Carl Gunnarsson.
15:58 of 1st period - Shot Blocked by Artem Anisimov.
16:00 of 1st period - Wrist shot by Jaden Schwartz.
16:00 of 1st period - Shot Misses the Net.
16:02 of 1st period - Snap shot by Vladimir Sobotka.
16:02 of 1st period - Shot Misses the Net.
16:04 of 1st period - Slapshot by Alex Pietrangelo.
16:04 of 1st period - Shot Blocked by Jake Virtanen.
16:06 of 1st period - Wrist shot by Jaden Schwartz.
16:06 of 1st period - Shot Misses the Net.
16:20 of 1st period - Alex Pietrangelo is hit by Logan Shaw and loses puck.
16:55 of 1st period - Snap shot by Alex Pietrangelo.
16:55 of 1st period - Stopped by Jacob Markstrom with a rebound.
18:07 of 1st period - Icing by Paul Stastny.
18:08 of 1st period - Paul Stastny wins face-off versus Adam Cracknell in St-Louis Blues zone.
18:52 of 1st period - Snap shot by Artem Anisimov.
18:52 of 1st period - Stopped by Alex Stalock with a rebound.
19:35 of 1st period - Snap shot by Bo Horvat.
19:35 of 1st period - Shot Misses the Net.
19:53 of 1st period - Snap shot by Ivan Barbashev.
19:53 of 1st period - Stopped by Jacob Markstrom without a rebound.
19:54 of 1st period - Paul Stastny wins face-off versus Artem Anisimov in Vancouver Canucks zone.
19:57 of 1st period - Snap shot by Jaden Schwartz.
19:57 of 1st period - Shot Misses the Net.
Goals for this period are 2 for Vancouver Canucks vs 3 for St-Louis Blues.
Shots for this period are 13 for Vancouver Canucks vs 13 for St-Louis Blues.

2nd period


0:01 of 2nd period - Paul Stastny wins face-off versus Bo Horvat in neutral zone.
0:06 of 2nd period - Snap shot by Jaden Schwartz.
0:06 of 2nd period - Shot Blocked by Troy Stecher.
0:08 of 2nd period - Wrist shot by Paul Stastny.
0:08 of 2nd period - Stopped by Jacob Markstrom without a rebound.
0:09 of 2nd period - Paul Stastny wins face-off versus Bo Horvat in Vancouver Canucks zone.
0:14 of 2nd period - Snap shot by Paul Stastny.
0:14 of 2nd period - Deflect By Jaden Schwartz.
0:14 of 2nd period - Stopped by Jacob Markstrom without a rebound.
0:15 of 2nd period - Bo Horvat wins face-off versus Paul Stastny in Vancouver Canucks zone.
0:15 of 2nd period - Bo Horvat is hit by Robert Bortuzzo.
0:21 of 2nd period - Matt Calvert is hit by Vladimir Sobotka and loses puck.
0:28 of 2nd period - Snap shot by Jaden Schwartz.
0:28 of 2nd period - Stopped by Jacob Markstrom with a rebound.
0:30 of 2nd period - Snap shot by Jaden Schwartz.
0:30 of 2nd period - Stopped by Jacob Markstrom with a rebound.
0:40 of 2nd period - Bo Horvat is hit by Sammy Blais and loses puck.
0:57 of 2nd period - Wrist shot by Bo Horvat.
0:57 of 2nd period - Shot Blocked by Robert Bortuzzo.
1:01 of 2nd period - Snap shot by Bo Horvat.
1:01 of 2nd period - Stopped by Alex Stalock with a rebound.
1:03 of 2nd period - Slapshot by Alexei Emelin.
1:03 of 2nd period - Shot Blocked by Paul LaDue.
1:05 of 2nd period - Wrist shot by Matt Calvert.
1:05 of 2nd period - Stopped by Alex Stalock without a rebound.
1:06 of 2nd period - Ivan Barbashev wins face-off versus Artem Anisimov in St-Louis Blues zone.
1:45 of 2nd period - Snap shot by Richard Panik.
1:45 of 2nd period - Shot Misses the Net.
2:52 of 2nd period - Snap shot by Ryan Strome.
2:52 of 2nd period - Shot Misses the Net.
2:54 of 2nd period - Slapshot by Vince Dunn.
2:54 of 2nd period - Stopped by Jacob Markstrom with a rebound.
2:56 of 2nd period - Snap shot by Scottie Upshall.
2:56 of 2nd period - Goal by Scottie Upshall - Vancouver Canucks : 2 - St-Louis Blues : 4.
2:56 of 2nd period - Thatcher Demko enters game.
2:57 of 2nd period - Logan Shaw wins face-off versus Ivan Barbashev in neutral zone.
2:57 of 2nd period - Logan Shaw is hit by Chris Stewart.
3:09 of 2nd period - Slapshot by Logan Shaw.
3:09 of 2nd period - Stopped by Alex Stalock without a rebound.
3:10 of 2nd period - Paul Stastny wins face-off versus Bo Horvat in St-Louis Blues zone.
3:12 of 2nd period - Minor Penalty to Paul LaDue for Hooking.
3:13 of 2nd period - Kyle Brodziak wins face-off versus Bo Horvat in St-Louis Blues zone.
3:17 of 2nd period - Slapshot by Carl Gunnarsson.
3:17 of 2nd period - Deflect By Scottie Upshall.
3:17 of 2nd period - Stopped by Thatcher Demko without a rebound.
3:18 of 2nd period - Bo Horvat wins face-off versus Kyle Brodziak in Vancouver Canucks zone.
3:26 of 2nd period - Slapshot by Connor Murphy.
3:26 of 2nd period - Stopped by Alex Stalock without a rebound.
3:27 of 2nd period - Kyle Brodziak wins face-off versus Bo Horvat in St-Louis Blues zone.
3:27 of 2nd period - Kyle Brodziak is hit by Bo Horvat.
3:37 of 2nd period - Wrist shot by Matt Calvert.
3:37 of 2nd period - Shot Blocked by Vince Dunn.
4:24 of 2nd period - Jaden Schwartz is hit by Troy Stecher and loses puck.
5:12 of 2nd period - Penalty to Paul LaDue is over, Paul LaDue is back on ice.
5:49 of 2nd period - Snap shot by Jaden Schwartz.
5:49 of 2nd period - Stopped by Thatcher Demko with a rebound.
5:51 of 2nd period - Snap shot by Paul Stastny.
5:51 of 2nd period - Shot Misses the Net.
6:09 of 2nd period - Icing by Matt Bartkowski.
6:10 of 2nd period - Logan Shaw wins face-off versus Kyle Brodziak in Vancouver Canucks zone.
6:10 of 2nd period - Logan Shaw is hit by Paul LaDue.
6:22 of 2nd period - Paul LaDue is hit by Jake Virtanen and loses puck.
6:44 of 2nd period - Wrist shot by Bo Horvat.
6:44 of 2nd period - Shot Misses the Net.
7:06 of 2nd period - Snap shot by J.T. Compher.
7:06 of 2nd period - Shot Blocked by Connor Murphy.
7:08 of 2nd period - Snap shot by J.T. Compher.
7:08 of 2nd period - Shot Blocked by Connor Murphy.
7:38 of 2nd period - Richard Panik is hit by Dmitrij Jaskin and loses puck.
7:56 of 2nd period - Snap shot by Troy Stecher.
7:56 of 2nd period - Shot Misses the Net.
7:58 of 2nd period - Wrist shot by Troy Stecher.
7:58 of 2nd period - Stopped by Alex Stalock with a rebound.
8:29 of 2nd period - Robert Bortuzzo is hit by Matt Calvert and loses puck.
8:57 of 2nd period - Slapshot by Kyle Brodziak.
8:57 of 2nd period - Goal by Kyle Brodziak - Vancouver Canucks : 2 - St-Louis Blues : 5.
8:58 of 2nd period - Paul Stastny wins face-off versus Artem Anisimov in neutral zone.
9:13 of 2nd period - Slapshot by Richard Panik.
9:13 of 2nd period - Stopped by Alex Stalock without a rebound.
9:14 of 2nd period - J.T. Compher wins face-off versus Bo Horvat in St-Louis Blues zone.
9:14 of 2nd period - J.T. Compher is hit by Alexei Emelin.
9:28 of 2nd period - Snap shot by Ivan Barbashev.
9:28 of 2nd period - Goal by Ivan Barbashev - Vancouver Canucks : 2 - St-Louis Blues : 6.
9:29 of 2nd period - Paul Stastny wins face-off versus Bo Horvat in neutral zone.
9:50 of 2nd period - Minor Penalty to Robert Bortuzzo for Holding Stick.
9:51 of 2nd period - Kyle Brodziak wins face-off versus Bo Horvat in St-Louis Blues zone.
11:25 of 2nd period - Alexei Emelin is hit by Jamie Oleksiak and loses puck.
11:44 of 2nd period - Troy Stecher is hit by Carl Gunnarsson and loses puck.
11:50 of 2nd period - Penalty to Robert Bortuzzo is over, Robert Bortuzzo is back on ice.
11:57 of 2nd period - J.T. Compher is hit by Jake Virtanen and loses puck.
12:06 of 2nd period - Wrist shot by Richard Panik.
12:06 of 2nd period - Stopped by Alex Stalock without a rebound.
12:07 of 2nd period - Paul Stastny wins face-off versus Artem Anisimov in St-Louis Blues zone.
12:52 of 2nd period - Slapshot by Robert Bortuzzo.
12:52 of 2nd period - Deflect By Jaden Schwartz.
12:52 of 2nd period - Stopped by Thatcher Demko without a rebound.
12:53 of 2nd period - Paul Stastny wins face-off versus Adam Cracknell in Vancouver Canucks zone.
13:06 of 2nd period - Wrist shot by Vladimir Sobotka.
13:06 of 2nd period - Stopped by Thatcher Demko with a rebound.
13:08 of 2nd period - Snap shot by Paul Stastny.
13:08 of 2nd period - Shot Blocked by Connor Murphy.
13:37 of 2nd period - Ryan Strome is hit by Jake Virtanen and loses puck.
13:42 of 2nd period - Slapshot by Artem Anisimov.
13:42 of 2nd period - Stopped by Alex Stalock without a rebound.
13:43 of 2nd period - Paul Stastny wins face-off versus Artem Anisimov in St-Louis Blues zone.
13:52 of 2nd period - Snap shot by Jaden Schwartz.
13:52 of 2nd period - Stopped by Thatcher Demko without a rebound.
13:53 of 2nd period - Artem Anisimov wins face-off versus Paul Stastny in Vancouver Canucks zone.
14:28 of 2nd period - Snap shot by Paul Stastny.
14:28 of 2nd period - Stopped by Thatcher Demko without a rebound.
14:29 of 2nd period - Bo Horvat wins face-off versus Ivan Barbashev in Vancouver Canucks zone.
14:31 of 2nd period - Minor Penalty to Matt Calvert for Hooking.
14:32 of 2nd period - Paul Stastny wins face-off versus Logan Shaw in Vancouver Canucks zone.
14:40 of 2nd period - Snap shot by Paul Stastny.
14:40 of 2nd period - Stopped by Thatcher Demko with a rebound.
14:42 of 2nd period - Wrist shot by J.T. Compher.
14:42 of 2nd period - Shot Misses the Net.
14:58 of 2nd period - Ivan Barbashev is hit by Artem Anisimov.
16:12 of 2nd period - Jaden Schwartz is hit by Artem Anisimov and loses puck.
16:31 of 2nd period - Penalty to Matt Calvert is over, Matt Calvert is back on ice.
16:43 of 2nd period - Ryan Callahan is hit by Robert Bortuzzo and loses puck.
Goals for this period are 0 for Vancouver Canucks vs 3 for St-Louis Blues.
Shots for this period are 8 for Vancouver Canucks vs 15 for St-Louis Blues.

3rd period


0:01 of 3rd period - Chris Stewart wins face-off versus Bo Horvat in neutral zone.
0:06 of 3rd period - Ben Hutton is hit by Robert Bortuzzo and loses puck.
0:41 of 3rd period - Minor Penalty to Robert Bortuzzo for Boarding.
0:42 of 3rd period - Bo Horvat wins face-off versus Kyle Brodziak in St-Louis Blues zone.
1:11 of 3rd period - Carl Gunnarsson is hit by Logan Shaw and loses puck.
1:35 of 3rd period - Jaden Schwartz is hit by Matt Calvert and loses puck.
2:08 of 3rd period - Alexei Emelin is hit by Chris Stewart and loses puck.
2:17 of 3rd period - Icing by Ryan Callahan.
2:18 of 3rd period - Bo Horvat wins face-off versus Kyle Brodziak in Vancouver Canucks zone.
2:41 of 3rd period - Penalty to Robert Bortuzzo is over, Robert Bortuzzo is back on ice.
2:49 of 3rd period - Carl Gunnarsson is hit by Jake Virtanen and loses puck.
3:54 of 3rd period - Wrist shot by Jaden Schwartz.
3:54 of 3rd period - Stopped by Thatcher Demko without a rebound.
3:55 of 3rd period - Adam Cracknell wins face-off versus Paul Stastny in Vancouver Canucks zone.
3:55 of 3rd period - Adam Cracknell is hit by Jaden Schwartz.
4:19 of 3rd period - Wrist shot by J.T. Compher.
4:19 of 3rd period - Shot Blocked by Connor Murphy.
4:21 of 3rd period - Snap shot by J.T. Compher.
4:21 of 3rd period - Shot Blocked by Alexei Emelin.
4:23 of 3rd period - Slapshot by Jamie Oleksiak.
4:23 of 3rd period - Shot Misses the Net.
4:25 of 3rd period - Slapshot by Jamie Oleksiak.
4:25 of 3rd period - Stopped by Thatcher Demko with a rebound.
4:40 of 3rd period - Bo Horvat is hit by Jamie Oleksiak and loses puck.
5:35 of 3rd period - Richard Panik is hit by Vladimir Sobotka and loses puck.
5:44 of 3rd period - Wrist shot by Jaden Schwartz.
5:44 of 3rd period - Stopped by Thatcher Demko with a rebound.
5:46 of 3rd period - Slapshot by Alex Pietrangelo.
5:46 of 3rd period - Deflect By Jaden Schwartz.
5:46 of 3rd period - Stopped by Thatcher Demko without a rebound.
5:47 of 3rd period - Bo Horvat wins face-off versus Ryan Strome in Vancouver Canucks zone.
5:52 of 3rd period - Ryan Strome is hit by Bo Horvat and loses puck.
5:59 of 3rd period - Matt Calvert is hit by Dmitrij Jaskin.
6:11 of 3rd period - J.T. Compher is hit by Brendan Gaunce and loses puck.
7:05 of 3rd period - Victor Mete is hit by Paul LaDue and loses puck.
7:42 of 3rd period - Jake Virtanen is hit by Chris Stewart and loses puck.
7:55 of 3rd period - Brendan Gaunce is hit by Sammy Blais and loses puck.
8:00 of 3rd period - Snap shot by Kyle Brodziak.
8:00 of 3rd period - Shot Misses the Net.
8:22 of 3rd period - Ben Hutton is hit by Dmitrij Jaskin and loses puck.
8:29 of 3rd period - Snap shot by Ryan Strome.
8:29 of 3rd period - Stopped by Thatcher Demko with a rebound.
8:31 of 3rd period - Slapshot by Ryan Strome.
8:31 of 3rd period - Stopped by Thatcher Demko with a rebound.
8:49 of 3rd period - J.T. Compher is hit by Matt Bartkowski and loses puck.
9:18 of 3rd period - Jake Virtanen is hit by Kyle Brodziak and loses puck.
10:43 of 3rd period - Jason Garrison is hit by Jaden Schwartz and loses puck.
11:25 of 3rd period - Markus Granlund is hit by Paul Stastny and loses puck.
11:40 of 3rd period - Matt Bartkowski is hit by Jamie Oleksiak and loses puck.
11:59 of 3rd period - Alexei Emelin is hit by Scottie Upshall and loses puck.
12:14 of 3rd period - Adam Cracknell is hit by Sammy Blais and loses puck.
12:57 of 3rd period - Alexei Emelin is hit by Paul LaDue and loses puck.
13:18 of 3rd period - Connor Murphy is hit by Chris Stewart and loses puck.
13:31 of 3rd period - Troy Stecher is hit by Carl Gunnarsson.
13:43 of 3rd period - Matt Bartkowski is hit by Nikita Soshnikov and loses puck.
13:50 of 3rd period - Wrist shot by Kyle Brodziak.
13:50 of 3rd period - Stopped by Thatcher Demko without a rebound.
13:51 of 3rd period - Ryan Strome wins face-off versus Artem Anisimov in Vancouver Canucks zone.
14:06 of 3rd period - Alex Pietrangelo is hit by Adam Cracknell and loses puck.
14:17 of 3rd period - Markus Granlund is hit by Carl Gunnarsson and loses puck.
14:38 of 3rd period - Ivan Barbashev is hit by Jason Garrison and loses puck.
15:03 of 3rd period - Kyle Brodziak is hit by Adam Cracknell and loses puck.
15:36 of 3rd period - Brendan Gaunce is hit by Vladimir Sobotka.
15:57 of 3rd period - Wrist shot by Artem Anisimov.
15:57 of 3rd period - Shot Blocked by Jaden Schwartz.
17:32 of 3rd period - Slapshot by Richard Panik.
17:32 of 3rd period - Shot Misses the Net.
17:42 of 3rd period - Off-side.
17:43 of 3rd period - J.T. Compher wins face-off versus Bo Horvat in neutral zone.
17:48 of 3rd period - Wrist shot by J.T. Compher.
17:48 of 3rd period - Deflect By Ivan Barbashev.
17:48 of 3rd period - Shot Misses the Net.
17:48 of 3rd period - Puck is out of play.
17:49 of 3rd period - Bo Horvat wins face-off versus Ivan Barbashev in Vancouver Canucks zone.
17:49 of 3rd period - Bo Horvat is hit by Carl Gunnarsson.
18:07 of 3rd period - Andrew Ladd is hit by Carl Gunnarsson and loses puck.
18:20 of 3rd period - Slapshot by Matt Calvert.
18:20 of 3rd period - Stopped by Alex Stalock without a rebound.
18:21 of 3rd period - Ryan Strome wins face-off versus Logan Shaw in St-Louis Blues zone.
18:36 of 3rd period - Snap shot by Ryan Strome.
18:36 of 3rd period - Stopped by Thatcher Demko without a rebound.
18:37 of 3rd period - Adam Cracknell wins face-off versus Kyle Brodziak in Vancouver Canucks zone.
18:52 of 3rd period - Alexei Emelin is hit by Sammy Blais and loses puck.
19:08 of 3rd period - Snap shot by Markus Granlund.
19:08 of 3rd period - Shot Misses the Net.
19:38 of 3rd period - Snap shot by Nikita Soshnikov.
19:38 of 3rd period - Shot Blocked by Artem Anisimov.
19:40 of 3rd period - Minor Penalty to Jake Virtanen for Hooking.
19:41 of 3rd period - Ryan Strome wins face-off versus Artem Anisimov in Vancouver Canucks zone.
19:42 of 3rd period - Slapshot by Vladimir Sobotka.
19:42 of 3rd period - Shot Hit the Post.
Goals for this period are 0 for Vancouver Canucks vs 0 for St-Louis Blues.
Shots for this period are 1 for Vancouver Canucks vs 8 for St-Louis Blues.